 Dungeon Crawl Stone Soup version 0.19-b1-3-g7dea586 (webtiles) character file.

197 tv1990 the Chopper (level 6, 0/47 HPs)
             Began as a Formicid Monk on Oct 29, 2016.
             Slain by Crazy Yiuf
             ... wielding a +2 quarterstaff of chaos
              (6 damage)
             ... on level 3 of the Dungeon.
             The game lasted 00:06:18 (2471 turns).

tv1990 the Chopper (Formicid Monk)                  Turns: 2471, Time: 00:06:19

Health: 0/47       AC:  8    Str: 16    XL:     6   Next: 5%
Magic:  6/6        EV:  7    Int:  9    God:
Gold:   160        SH:  0    Dex: 15    Spells: 0 memorised, 5 levels left

rFire  . . .     SeeInvis +     a - +2 hand axe
rCold  . . .     Gourm    .     k - +0 chain mail
rNeg   . . .     Faith    .     (no shield)
rPois  .         Spirit   .     (helmet unavailable)
rElec  .         Reflect  .     (no cloak)
rCorr  .         Harm     .     (no gloves)
MR     .....                    (no boots)
Stlth  ..........               (no amulet)
                                (no ring)
                                (no ring)

@: drained
A: permanent stasis, dig shafts and tunnels, four strong arms, antennae 3
a: Dig, Shaft Self


You were on level 3 of the Dungeon.
You were not hungry.

You visited 1 branch of the dungeon, and saw 3 of its levels.

You collected 160 gold pieces.

Inventory:

Hand Weapons
 a - a +2 hand axe (weapon)
Armour
 b - a +0 robe
 d - a +0 ring mail
 f - a +0 cloak
 k - a +0 chain mail (worn)
Scrolls
 e - 3 scrolls of remove curse
 g - 2 scrolls of recharging
 h - a scroll of enchant weapon
 o - a scroll of fog {unknown}
 p - a scroll of enchant armour {unknown}
Potions
 j - a potion of flight {unknown}
Comestibles
 c - 3 bread rations
 m - a beef jerky
 n - 2 meat rations


   Skills:
 - Level 3.2(2.9) Fighting
 + Level 6.2(5.9) Axes
 - Level 2.6(2.3) Dodging
 - Level 2.4(2.1) Stealth


You had 5 spell levels left.
You didn't know any spells.

Dungeon Overview and Level Annotations

Branches:
Dungeon (3/15)

Altars:
Makhleb
Vehumet
Yredelemnul

Annotations:
D:3 Crazy Yiuf


Innate Abilities, Weirdness & Mutations

You are under a permanent stasis effect.
You can dig through walls and to a lower floor.
Your four strong arms can wield two-handed weapons with a shield.
You have a pair of large antennae on your head. (SInv)


Message History

You hit Crazy Yiuf but do no damage.
Crazy Yiuf is heavily wounded.
Crazy Yiuf hits you with a quarterstaff of chaos.
* * * LOW HITPOINT WARNING * * *
Crazy Yiuf freezes you.
* * * LOW HITPOINT WARNING * * *
You hit Crazy Yiuf.
Crazy Yiuf is severely wounded.
Crazy Yiuf hits you with a quarterstaff of chaos!
* * * LOW HITPOINT WARNING * * *
You feel drained.
* * * LOW HITPOINT WARNING * * *
You hit Crazy Yiuf but do no damage.
Crazy Yiuf is severely wounded.
Crazy Yiuf barely misses you.
Okay, then.
You hit Crazy Yiuf.
Crazy Yiuf is almost dead.
Crazy Yiuf hits you with a quarterstaff of chaos.
You die...

.._.......##
#...P#
#..##.......
#...#......#
##.P.#
#...'.......
##.###...###
##.##
#..##.......
#...#..#..#
##.#
#..###......
.......##.#
#.##
#...###.....
)########.#
##.# ###.#
##...# ## #.#
#.## #.# ##'##
#.# ##'## #.#
#.# #.# #.@.#
#.# #.# ####
#.# #.g.#
###.# ##.##
...# #.# #)..#
#.#.# ##...#
...# #.# #####
#...# #.>...
#..# #.#
#.#####....#
#..######.#
###
###.####.#..##
..........#
#.#
#.......###...
...########
#.#
###.####.#..##
..## #.# #.#
##.#.#


You could see Crazy Yiuf.

Vanquished Creatures
  The ghost of tyranidshit the Skirmisher, an amateur DsAK of Lugonu (D:3)
  4 gnolls (D:2)
  3 adders
  An ooze (D:1)
  2 leopard geckos
  A giant cockroach (D:1)
  8 goblins
  5 hobgoblins
  2 jackals (D:1)
  5 kobolds
  5 bats
  3 rats
  A spectral orc (D:2)
41 creatures vanquished.

Notes
Turn   | Place    | Note
-------+----------+-------------------------------------------
     0 | D:1      | tv1990 the Formicid Monk began the quest for the Orb.
     0 | D:1      | Reached XP level 1. HP: 18/18 MP: 1/1
   128 | D:1      | Reached XP level 2. HP: 17/24 MP: 2/2
   461 | D:1      | Reached skill level 4 in Axes
   461 | D:1      | Reached XP level 3. HP: 24/29 MP: 3/3
   833 | D:2      | Found a basalt altar of Yredelemnul.
  1119 | D:2      | Reached XP level 4. HP: 27/35 MP: 4/4
  1207 | D:2      | Reached skill level 5 in Axes
  1627 | D:3      | Reached XP level 5. HP: 41/41 MP: 5/5
  1629 | D:3      | Found a burning altar of Makhleb.
  1745 | D:3      | Found a radiant altar of Vehumet.
  1798 | D:3      | Noticed tyranidshit's ghost (amateur DsAK)
  1816 | D:3      | Killed tyranidshit's ghost
  1816 | D:3      | Reached skill level 6 in Axes
  1816 | D:3      | Reached XP level 6. HP: 23/47 MP: 6/6
  2266 | D:3      | Found a runed door.
  2459 | D:3      | Noticed Crazy Yiuf
  2471 | D:3      | Slain by Crazy Yiuf

Skill      XL: |  1  2  3  4  5 |
---------------+----------------+-----
Axes           | 4 5 6 |  6.2
Fighting       | |  3.2
Dodging        | |  2.6
Stealth        | |  2.4

Action                   |  1- 3 |  4- 6 || total
-------------------------+-------+-------++-------
Melee: Hand axe          |    79 |    87 ||   166
 Abil: Dig               |       |     1 ||     1
  Use: Scroll            |     5 |     2 ||     7
       Potion            |       |     4 ||     4
 Stab: Sleeping          |     4 |       ||     4
  Eat: Chunk             |     1 |     4 ||     5
Armor: Robe              |    10 |       ||    10
       Chain mail        |     8 |    31 ||    39
Dodge: Dodged            |    53 |    22 ||    75

Table legend:
 A = Turns spent in this place as a percentage of turns spent in the entire game.
 B = Non-inter-level travel turns spent in this place as a percentage of non-inter-level travel turns spent in the entire game.
 C = Inter-level travel turns spent in this place as a percentage of turns spent in this place.
 D = Turns resting spent in this place as a percentage of non-inter-level travel turns spent in this place.
 E = Turns spent auto-exploring this place as a percentage of non-inter-level travel turns spent in this place.
 F = Non-inter-level travel turns spent in this place divided by the number of levels of this place that you've seen.
                   A       B       C       D       E      F
               +-------+-------+-------+-------+-------+----------------------
         Total | 100.0 | 100.0 |   0.4 |   1.6 |  20.7 | 165.7
       Dungeon | 100.0 | 100.0 |   0.4 |   1.6 |  20.7 | 165.7
               +-------+-------+-------+-------+-------+----------------------

Table legend:
 A = Kills in this place as a percentage of kills in entire the game.
 B = Kills by you in this place as a percentage of kills by you in the entire game.
 C = Kills by friends in this place as a percentage of kills by friends in the entire game.
 D = Other kills in this place as a percentage of other kills in the entire game.
 E = Experience gained in this place as a percentage of experience gained in the entire game.
 F = Experience gained in this place divided by the number of levels of this place that you have seen.
                   A       B       C       D       E      F
               +-------+-------+-------+-------+-------+----------------------
         Total | 100.0 | 100.0 |  -nan |  -nan | 100.0 |  94.0
       Dungeon | 100.0 | 100.0 |  -nan |  -nan | 100.0 |  94.0
               +-------+-------+-------+-------+-------+----------------------

Vault maps used:
D:1:      saegor_arrival_simple_a
D:2:      yredelemnul_forgotten_temple_becter
D:3:      vehumet_crystals, lemuel_round_altar, first_bread, eino_tiny_chamber,
          kennysheep_nondescript, uniq_crazy_yiuf_cottage
